 Dungeon Crawl Stone Soup version 0.30.1-11-g7821555f0a (webtiles) character file.

Game seed: 5938470464145613087

64 KittyFluff the Trooper (level 4, -2/43 HPs)
             Began as a Gargoyle Berserker on Nov 10, 2023.
             Was a Follower of Trog.
             Slain by an ice beast (10 damage)
             ... on level 3 of the Dungeon.
             The game lasted 00:04:54 (1122 turns).

KittyFluff the Trooper (Gargoyle Berserker)         Turns: 1122, Time: 00:04:54

Health: -2/43      AC:  8    Str: 23    XL:     4   Next: 12%
Magic:  4/4        EV: 11    Int:  7    God:    Trog [*.....]
Gold:   65         SH:  0    Dex:  9    Spells: 3/3 levels left

rFire   . . .        a - +0 mace
rCold   . . .        (no shield)
rNeg    + . .        r - +0 leather armour
rPois   ∞            (no helmet)
rElec   +            e - +0 cloak
rCorr   .            (no gloves)
SInv    .            (no boots)
Will    .....        (no amulet) Stlth
                     (no ring)
HPRegen 0.27/turn    (no ring)
MPRegen 0.09/turn

%: no passive effects
@: berserking, very quick
A: sickness immunity, AC +3, negative energy resistance 1, electricity
resistance, torment resistance 1, petrification resistance
a: Renounce Religion, Berserk


You were on level 3 of the Dungeon.
You worshipped Trog.
Trog was aware of your devotion.
You visited 1 branch of the dungeon, and saw 3 of its levels.

You collected 65 gold pieces.

Inventory:

Hand Weapons
 a - a +0 mace (weapon)
 q - a +2 whip of electrocution
Armour
 e - a +0 cloak (worn)
 h - a +0 tower shield
 r - a +0 leather armour (worn)
Scrolls
 b - a scroll of blinking {unknown}
 c - a scroll of magic mapping {unknown}
 d - a scroll of fog {unknown}
 f - a scroll of noise {unknown}
 i - a scroll of teleportation {unknown}
 j - 2 scrolls of enchant weapon {unknown}
 k - 2 scrolls of identify {unknown}
 l - a scroll of enchant armour {unknown}
 n - 2 scrolls of vulnerability {unknown}
 s - a scroll of poison {unknown}
Potions
 g - 2 potions of curing {unknown}
 m - a potion of degeneration {unknown}
 o - a potion of flight {unknown}
 p - a potion of invisibility {unknown}
 t - a potion of mutation {unknown}


   Skills:
 + Level 3.6 Fighting
 * Level 3.5 Maces & Flails
 * Level 3.0 Armour
 + Level 1.9 Dodging
 + Level 1.0 Stealth
 + Level 1.1 Shields


You had 3 spell levels left.
You didn't know any spells.
Your spell library was empty.

Dungeon Overview and Level Annotations

Branches:
Dungeon (3/15)

Altars:
Ru


Innate Abilities, Weirdness & Mutations

You are immune to sickness and miasma.
Your stone body is resilient. (AC +3)
You are immune to poison.
You resist negative energy. (rN+)
You are resistant to electric shocks. (rElec)
You are resistant to unholy torment.
You are immune to petrification.


Message History

The sling bullet hits you but does no damage.
The goblin shoots a sling bullet.
The sling bullet barely misses you.
The goblin shoots a sling bullet.
The sling bullet barely misses you.
A worm comes into view.
The ice beast hits you but does no damage.
The goblin shoots a sling bullet.
The sling bullet barely misses you.
You hit the ice beast.
The ice beast is lightly wounded.
An endoplasm comes into view.
The ice beast completely misses you.
The goblin shoots a sling bullet.
The sling bullet closely misses you.
You hit the ice beast.
The ice beast is lightly wounded.
The ice beast closely misses you.
The goblin shoots a sling bullet.
The sling bullet misses you.
You closely miss the ice beast.
The ice beast is lightly wounded.
The ice beast barely misses you.
The goblin shoots a sling bullet.
The sling bullet closely misses you.
You closely miss the ice beast.
The ice beast is lightly wounded.
The ice beast hits you. The ice beast freezes you!
The goblin shoots a sling bullet.
The sling bullet closely misses you. The ice beast closely misses you.
You hit the ice beast.
The ice beast is moderately wounded.
The ice beast hits you but does no damage.
You hit the ice beast.
The ice beast is moderately wounded.
The ice beast hits you. The ice beast freezes you.
* * * LOW HITPOINT WARNING * * *
You sock the ice beast!
The ice beast is severely wounded.
The endoplasm hits you but does no damage.
The ice beast barely misses you.
A red film seems to cover your vision as you go berserk!
You feel yourself moving faster!
You feel mighty! The ice beast hits you.
* * * LOW HITPOINT WARNING * * *
The ice beast freezes you!
You die...

...............
..................
..................
...................
.......g............
............w........
.....$...J.Y.........#
..........@..........#
.....................#
.....................#
.....................#
.....................#
.....................#
.....................#
.....................#
.....................####


You could see an ice beast, a worm, an endoplasm and a goblin.

Vanquished Creatures
  3 adders (D:2)
  3 dart slugs
  An endoplasm (D:1)
  2 giant cockroaches
  3 goblins (D:1)
  4 hobgoblins
  4 jackals (D:1)
  A quokka (D:1)
  2 ball pythons (D:1)
  5 bats
  A kobold (D:1)
29 creatures vanquished.

Notes
Turn   | Place    | Note
-------+----------+-------------------------------------------
     0 | D:1      | KittyFluff the Gargoyle Berserker began the quest for the
                  | Orb.
     0 | D:1      | Reached XP level 1. HP: 14/14 MP: 1/1
   144 | D:1      | Reached XP level 2. HP: 13/19 MP: 2/2
   377 | D:1      | Reached XP level 3. HP: 21/23 MP: 3/3
   589 | D:2      | Reached skill level 1 in Shields
   957 | D:2      | Found a sacrificial altar of Ru.
  1054 | D:2      | Reached skill level 1 in Stealth
  1054 | D:2      | Reached XP level 4. HP: 29/29 MP: 4/4
  1107 | D:3      | Noticed an ice beast
  1122 | D:3      | Slain by an ice beast

Illustrated notes

Levels and vault maps discovered:
D:1:      spicycebolla_arrival_risky_transporter, layout_rooms
D:2:      layout_basic, basic_altar, moated_statue,
          chequers_serial_rivers_small_3
D:3:      layout_basic, uniq_grinder, uniq_jessica

Skill      XL: |  1  2  3  4 |
---------------+-------------+-----
Shields        | 1 |  1.1
Stealth        | 1 |  1.0
Armour         | 3 |  3.0
Fighting       | |  3.6
Maces & Flails | |  3.5
Dodging        | |  1.9

Action                     |  1- 3 |  4- 6 || total
---------------------------+-------+-------++-------
  Melee: Mace              |   114 |     8 ||   122
 Invoke: Berserk           |     1 |     1 ||     2
 Armour: Animal skin       |    42 |       ||    42
         Leather armour    |    19 |     4 ||    23
  Dodge: Dodged            |    96 |    13 ||   109
